General information
- name: BNet
- type: Ladder team game (AT/RT)
- host: Battle.net
- saver: LOSTNTHESHADOWS
map: MarketSquare
- players: 8
- length: 42:46
- speed: Fast
- version: 1.28 W3XP
- replay type: Public
» download(266 KB)
Players
team 1 (loser)
bom.bom (
green | 127 APM | 2811 actions | 22:09)
2 Far Seer
1 Feral Spirit
1 Chain Lighting
2 Tauren Chieftain
1 War Stomp
1 Endurance Aura
» actions
| Assign group hotkey | 38 | |
| Basic commands | 173 | |
| Build / train | 78 | |
| Enter build submenu | 16 | |
| Enter hero's abilities submenu | 4 | |
| Right click | 1097 | |
| Select / deselect | 584 | |
| Select group hotkey | 723 | |
| Use ability | 98 | |
2811 total
» units
| Peon | 15 | |
| Grunt | 21 | |
| Demolisher | 4 | |
| Troll Batrider | 8 | |
48 total
» upgrades
| Armor | 2 | |
| Ranged Weapons | 2 | |
| Berserker Strength | 1 | |
| Melee Weapons | 1 | |
6 total
» buildings
| Altar of Storms | 1 | |
| Barracks | 2 | |
| Orc Burrow | 8 | |
| War Mill | 1 | |
| Voodoo Lounge | 1 | |
| Stronghold | 3 | |
| Beastiary | 1 | |
17 total
» build order
00:10 Altar of Storms
00:16 Barracks
00:22 Orc Burrow
01:35 Orc Burrow
02:47 War Mill
03:39 Voodoo Lounge
03:48 Stronghold
03:48 Stronghold
04:39 Barracks
04:54 Orc Burrow
06:06 Orc Burrow
10:24 Orc Burrow
10:25 Orc Burrow
12:20 Beastiary
17:09 Orc Burrow
» items
| Healing Salve | 1 | |
| Lesser Clarity Potion | 1 | |
| Scroll of Speed | 4 | |
| Boots of Speed | 1 | |
7 total
LOSTNTHESHADOWS (
blue | 54 APM | 2331 actions | 42:46)
10 Blademaster
3 Wind Walk
3 Critical Strike
1 Bladestorm
3 Mirror Image
» actions
| Assign group hotkey | 58 | |
| Basic commands | 25 | |
| Build / train | 66 | |
| Enter build submenu | 55 | |
| Enter hero's abilities submenu | 11 | |
| Give item / drop item | 7 | |
| Remove unit from queue | 7 | |
| Right click | 1442 | |
| Select / deselect | 257 | |
| Select group hotkey | 148 | |
| Use ability | 254 | |
2331 total
» units
| Peon | 30 | |
| Grunt | 4 | |
| Troll Batrider | -4 | |
30 total
» upgrades
| Reinforced Defenses | 1 | |
| Ranged Weapons | 3 | |
| Armor | 3 | |
| Pillage | 1 | |
| Envenomed Spears | 1 | |
| Liquid Fire | 1 | |
| Ensnare | 1 | |
| Spiked Barricades | 1 | |
12 total
» buildings
| Orc Burrow | 3 | |
| Altar of Storms | 1 | |
| Barracks | 1 | |
| Voodoo Lounge | 1 | |
| Stronghold | 1 | |
| War Mill | 2 | |
| Watch Tower | 48 | |
| Great Hall | 4 | |
| Fortress | 1 | |
| Beastiary | 4 | |
66 total
» build order
00:12 Orc Burrow
00:59 Orc Burrow
01:12 Altar of Storms
01:14 Barracks
02:12 Voodoo Lounge
03:07 Stronghold
03:32 War Mill
04:46 Watch Tower
05:25 Great Hall
05:51 Watch Tower
05:52 Watch Tower
05:56 Watch Tower
06:01 Orc Burrow
08:03 Fortress
08:09 Watch Tower
10:58 Watch Tower
10:59 Watch Tower
11:00 Watch Tower
11:02 Watch Tower
11:03 Watch Tower
11:08 Watch Tower
11:08 Watch Tower
11:10 Watch Tower
11:12 Watch Tower
11:13 Watch Tower
11:21 War Mill
12:25 Watch Tower
15:02 Great Hall
15:06 Watch Tower
15:06 Watch Tower
15:06 Watch Tower
15:07 Watch Tower
15:09 Watch Tower
15:09 Watch Tower
15:09 Watch Tower
15:10 Watch Tower
15:10 Watch Tower
15:10 Watch Tower
15:11 Watch Tower
15:11 Watch Tower
15:25 Watch Tower
15:25 Watch Tower
15:25 Watch Tower
15:26 Watch Tower
17:43 Beastiary
17:44 Beastiary
17:45 Beastiary
17:46 Beastiary
23:45 Great Hall
23:47 Watch Tower
23:47 Watch Tower
23:48 Watch Tower
23:48 Watch Tower
30:44 Great Hall
30:47 Watch Tower
30:48 Watch Tower
30:48 Watch Tower
30:49 Watch Tower
31:20 Watch Tower
31:20 Watch Tower
31:21 Watch Tower
31:21 Watch Tower
» items
| Healing Salve | 1 | |
| Orb of Lightning | 1 | |
| Periapt of Vitality | 2 | |
4 total
Light_Speed (
purple | 55 APM | 1275 actions | 23:16)
4 Blademaster
2 Wind Walk
2 Critical Strike
2 Far Seer
1 Feral Spirit
1 Chain Lighting
» actions
| Assign group hotkey | 2 | |
| Build / train | 71 | |
| Enter build submenu | 53 | |
| Enter hero's abilities submenu | 6 | |
| Give item / drop item | 3 | |
| Right click | 627 | |
| Select / deselect | 380 | |
| Select group hotkey | 32 | |
| Use ability | 101 | |
1275 total
» units
» upgrades
| Spiked Barricades | 3 | |
| Reinforced Defenses | 1 | |
| Melee Weapons | 3 | |
| Ensnare | 1 | |
| Armor | 3 | |
11 total
» buildings
| Altar of Storms | 1 | |
| Orc Burrow | 8 | |
| Voodoo Lounge | 2 | |
| War Mill | 1 | |
| Watch Tower | 33 | |
| Great Hall | 1 | |
| Stronghold | 1 | |
| Fortress | 1 | |
| Beastiary | 4 | |
52 total
» build order
00:09 Altar of Storms
00:12 Orc Burrow
00:33 Voodoo Lounge
01:19 War Mill
01:44 Orc Burrow
02:36 Watch Tower
02:44 Watch Tower
02:53 Watch Tower
04:05 Watch Tower
04:10 Watch Tower
04:24 Watch Tower
05:48 Great Hall
05:59 Stronghold
06:11 Watch Tower
06:15 Watch Tower
07:44 Voodoo Lounge
07:49 Watch Tower
08:24 Fortress
08:56 Watch Tower
09:03 Watch Tower
10:41 Watch Tower
11:00 Beastiary
11:08 Beastiary
11:21 Beastiary
11:28 Beastiary
12:41 Orc Burrow
13:08 Orc Burrow
13:46 Watch Tower
14:24 Watch Tower
14:30 Watch Tower
15:00 Orc Burrow
15:39 Watch Tower
15:45 Watch Tower
15:49 Watch Tower
15:56 Orc Burrow
16:27 Watch Tower
16:30 Watch Tower
16:33 Watch Tower
16:52 Orc Burrow
17:01 Orc Burrow
17:06 Watch Tower
17:16 Watch Tower
18:33 Watch Tower
18:36 Watch Tower
18:44 Watch Tower
19:49 Watch Tower
19:53 Watch Tower
19:57 Watch Tower
21:25 Watch Tower
21:30 Watch Tower
21:47 Watch Tower
21:56 Watch Tower
» items
| Healing Salve | 1 | |
| Circlet of Nobility | 3 | |
| Boots of Speed | 2 | |
| Potion of Mana | 1 | |
| Potion of Healing | 1 | |
| Periapt of Vitality | 1 | |
| Potion of Lesser Invulnerability | 1 | |
| Scroll of Town Portal | 2 | |
| Orb of Lightning | 2 | |
14 total
54tryh (
teal | 93 APM | 2022 actions | 21:44)
4 Keeper of the Grove
1 Entangling Roots
2 Force of Nature
1 Thorns Aura
3 Dark Ranger
2 Black Arrow
1 Silence
» actions
| Assign group hotkey | 14 | |
| Basic commands | 45 | |
| Build / train | 68 | |
| Enter build submenu | 20 | |
| Enter hero's abilities submenu | 7 | |
| Remove unit from queue | 2 | |
| Right click | 480 | |
| Select / deselect | 228 | |
| Select group hotkey | 1095 | |
| Use ability | 63 | |
2022 total
» units
| Wisp | 18 | |
| Archer | 20 | |
| Hippogryph | 14 | |
52 total
» upgrades
| Moon Armor | 1 | |
| Improved Bows | 1 | |
| Strength of the Moon | 1 | |
| Hippogryph Taming | 1 | |
4 total
» buildings
| Moon Well | 8 | |
| Altar of Elders | 1 | |
| Ancient of War | 2 | |
| Ancient of Wonders | 1 | |
| Tree of Ages | 1 | |
| Hunter's Hall | 1 | |
| Tree of Life | 4 | |
| Ancient of Wind | 2 | |
20 total
» build order
00:24 Moon Well
00:33 Altar of Elders
01:35 Ancient of War
01:40 Moon Well
01:48 Ancient of War
02:03 Ancient of Wonders
02:29 Moon Well
04:01 Moon Well
04:56 Tree of Ages
05:23 Hunter's Hall
06:06 Moon Well
07:38 Tree of Life
07:57 Ancient of Wind
08:12 Ancient of Wind
08:36 Moon Well
09:34 Moon Well
10:34 Moon Well
11:45 Tree of Life
16:29 Tree of Life
19:50 Tree of Life
» items
team 2 (winner)
Reus11 (
orange | 43 APM | 717 actions | 16:42)
2 Blood Mage
1 Flame Strike
1 Siphon Mana
1 Archmage
1 Summon Water Elemental
» actions
| Basic commands | 7 | |
| Build / train | 50 | |
| Enter build submenu | 20 | |
| Enter hero's abilities submenu | 3 | |
| Remove unit from queue | 2 | |
| Right click | 358 | |
| Select / deselect | 229 | |
| Use ability | 48 | |
717 total
» units
| Peasant | 15 | |
| Rifleman | 9 | |
| Flying Machine | 1 | |
| Siege Engine | 4 | |
29 total
» upgrades
| Masonry | 2 | |
| Lumber Harvesting | 2 | |
| Barrage | 1 | |
| Gunpowder | 1 | |
6 total
» buildings
| Altar of Kings | 1 | |
| Farm | 8 | |
| Barracks | 1 | |
| Blacksmith | 1 | |
| Arcane Vault | 2 | |
| Lumber Mill | 1 | |
| Keep | 1 | |
| Town Hall | 1 | |
| Castle | 1 | |
| Scout Tower | 1 | |
| Workshop | 2 | |
20 total
» build order
00:06 Altar of Kings
00:35 Farm
01:04 Barracks
01:19 Farm
01:31 Blacksmith
02:01 Farm
02:27 Arcane Vault
02:31 Lumber Mill
02:42 Farm
04:11 Farm
05:31 Keep
06:05 Town Hall
07:02 Farm
08:11 Arcane Vault
08:18 Farm
08:20 Castle
09:06 Scout Tower
09:29 Workshop
10:14 Farm
14:05 Workshop
» items
| Scroll of Regeneration | 3 | |
| Lesser Clarity Potion | 2 | |
| Scroll of Town Portal | 1 | |
| Orb of Fire | 1 | |
7 total
SILLY-GOOSE (
yellow | 65 APM | 2767 actions | 42:46)
7 Blademaster
3 Wind Walk
3 Critical Strike
1 Bladestorm
1 Goblin Alchemist
1 Healing Spray
1 Dark Ranger
1 Black Arrow
» actions
| Assign group hotkey | 99 | |
| Basic commands | 45 | |
| Build / train | 90 | |
| Enter build submenu | 20 | |
| Enter hero's abilities submenu | 9 | |
| Give item / drop item | 6 | |
| Remove unit from queue | 2 | |
| Right click | 1228 | |
| Select / deselect | 346 | |
| Select group hotkey | 692 | |
| Use ability | 230 | |
2767 total
» units
| Peon | 12 | |
| Troll Batrider | 20 | |
| Wind Rider | 2 | |
34 total
» upgrades
| Ranged Weapons | 3 | |
| Reinforced Defenses | 1 | |
| Liquid Fire | 1 | |
| Armor | 1 | |
| Melee Weapons | 1 | |
7 total
» buildings
| Altar of Storms | 1 | |
| Orc Burrow | 4 | |
| War Mill | 2 | |
| Voodoo Lounge | 1 | |
| Watch Tower | 9 | |
| Stronghold | 2 | |
| Fortress | 2 | |
| Beastiary | 2 | |
23 total
» build order
00:13 Altar of Storms
00:22 Orc Burrow
00:41 War Mill
00:43 War Mill
01:25 Voodoo Lounge
01:56 Watch Tower
02:17 Watch Tower
02:45 Watch Tower
03:14 Watch Tower
03:57 Stronghold
03:57 Stronghold
04:03 Orc Burrow
04:23 Watch Tower
05:01 Orc Burrow
05:05 Watch Tower
05:11 Watch Tower
05:33 Orc Burrow
05:47 Watch Tower
06:50 Fortress
06:50 Fortress
07:19 Beastiary
08:03 Beastiary
12:40 Watch Tower
» items
| Healing Salve | 3 | |
| Lesser Clarity Potion | 5 | |
| Mechanical Critter | 1 | |
| Staff of Teleportation | 1 | |
| Boots of Speed | 1 | |
| Potion of Mana | 2 | |
| Potion of Healing | 2 | |
| Potion of Lesser Invulnerability | 2 | |
| Scroll of Regeneration | 1 | |
| Orb of Lightning | 1 | |
| Scroll of Town Portal | 1 | |
| Tiny Great Hall | 1 | |
| Scroll of Healing | 2 | |
23 total
PWNEROFCLANS4S (
pink | 117 APM | 4983 actions | 42:46)
5 Archmage
3 Summon Water Elemental
2 Brilliance Aura
5 Mountain King
3 Storm Bolt
2 Bash
» actions
| Assign group hotkey | 145 | |
| Basic commands | 88 | |
| Build / train | 155 | |
| ESC pressed | 12 | |
| Enter build submenu | 56 | |
| Enter hero's abilities submenu | 10 | |
| Give item / drop item | 7 | |
| Right click | 1898 | |
| Select / deselect | 808 | |
| Select group hotkey | 1525 | |
| Use ability | 279 | |
4983 total
» units
| Peasant | 16 | |
| Footman | 9 | |
| Rifleman | 8 | |
| Priest | 4 | |
| Spell Breaker | 4 | |
| Knight | 2 | |
| Sorceress | 3 | |
| Siege Engine | 1 | |
47 total
» upgrades
| Masonry | 4 | |
| Swords | 4 | |
| Gunpowder | 3 | |
| Long Rifles | 1 | |
| Priest Training | 2 | |
| Sorceress Training | 2 | |
| Lumber Harvesting | 2 | |
| Plating | 3 | |
| Animal War Training | 1 | |
| Barrage | 1 | |
| Control Magic | 1 | |
| Armor | 3 | |
| Magic Sentry | 1 | |
28 total
» buildings
| Altar of Kings | 1 | |
| Barracks | 2 | |
| Farm | 11 | |
| Arcane Vault | 1 | |
| Lumber Mill | 1 | |
| Scout Tower | 24 | |
| Arcane Tower | 3 | |
| Keep | 3 | |
| Blacksmith | 1 | |
| Guard Tower | 24 | |
| Town Hall | 3 | |
| Castle | 2 | |
| Arcane Sanctum | 2 | |
| Workshop | 1 | |
79 total
» build order
00:52 Altar of Kings
00:56 Barracks
00:58 Farm
01:04 Farm
01:07 Farm
01:56 Arcane Vault
02:11 Lumber Mill
02:13 Farm
02:42 Scout Tower
03:10 Arcane Tower
03:11 Arcane Tower
04:54 Scout Tower
05:00 Scout Tower
05:10 Keep
05:10 Keep
05:34 Scout Tower
05:36 Scout Tower
05:39 Scout Tower
06:04 Blacksmith
06:06 Guard Tower
06:06 Guard Tower
06:06 Guard Tower
06:07 Guard Tower
06:07 Guard Tower
06:07 Guard Tower
06:07 Guard Tower
06:12 Town Hall
06:17 Scout Tower
06:19 Scout Tower
06:47 Guard Tower
06:55 Guard Tower
06:55 Guard Tower
06:55 Guard Tower
07:03 Scout Tower
07:04 Scout Tower
07:52 Guard Tower
07:53 Guard Tower
07:53 Guard Tower
08:40 Castle
08:40 Castle
09:32 Arcane Sanctum
09:37 Barracks
09:40 Arcane Sanctum
11:59 Farm
12:01 Farm
12:04 Farm
12:10 Workshop
14:38 Farm
14:40 Farm
16:26 Farm
16:31 Farm
27:27 Scout Tower
27:28 Scout Tower
27:30 Scout Tower
27:31 Scout Tower
27:32 Scout Tower
27:36 Scout Tower
30:59 Guard Tower
30:59 Guard Tower
34:56 Town Hall
34:58 Scout Tower
34:58 Scout Tower
34:59 Scout Tower
35:00 Scout Tower
35:12 Town Hall
35:16 Scout Tower
35:16 Scout Tower
35:18 Scout Tower
35:19 Scout Tower
35:36 Guard Tower
35:36 Guard Tower
35:36 Guard Tower
» items
| Scroll of Regeneration | 5 | |
| Boots of Speed | 3 | |
| Scroll of Town Portal | 1 | |
| Orb of Lightning | 1 | |
| Periapt of Vitality | 2 | |
| Staff of Teleportation | 2 | |
| Potion of Lesser Invulnerability | 2 | |
| Potion of Invisibility | 2 | |
| Dust of Appearance | 2 | |
| Circlet of Nobility | 1 | |
21 total

»
jayphive (
red | 40 APM | 1406 actions | 35:30)
4 Far Seer
2 Feral Spirit
2 Far Sight
4 Tauren Chieftain
2 War Stomp
2 Endurance Aura
4 Shadow Hunter
2 Healing Wave
2 Hex
» actions
| Assign group hotkey | 52 | |
| Basic commands | 67 | |
| Build / train | 91 | |
| ESC pressed | 3 | |
| Enter build submenu | 54 | |
| Enter hero's abilities submenu | 14 | |
| Remove unit from queue | 1 | |
| Right click | 254 | |
| Select / deselect | 329 | |
| Select group hotkey | 396 | |
| Use ability | 145 | |
1406 total
» units
| Peon | 13 | |
| Troll Headhunter/Berserker | 21 | |
| Shaman | 9 | |
| Forest Troll High Priest | 1 | |
| Wind Rider | 6 | |
50 total
» upgrades
| Troll Regeneration | 1 | |
| Shaman Training | 2 | |
| Armor | 1 | |
| Berserker Upgrade | 1 | |
| Ranged Weapons | 2 | |
| Reinforced Defenses | 1 | |
| Envenomed Spears | 1 | |
9 total
» buildings
| Altar of Storms | 1 | |
| Orc Burrow | 8 | |
| War Mill | 1 | |
| Barracks | 2 | |
| Stronghold | 1 | |
| Voodoo Lounge | 1 | |
| Watch Tower | 33 | |
| Spirit Lodge | 2 | |
| Fortress | 1 | |
| Beastiary | 2 | |
| Great Hall | 1 | |
53 total
» build order
00:06 Altar of Storms
00:10 Orc Burrow
00:56 War Mill
01:12 Barracks
01:55 Orc Burrow
02:53 Stronghold
03:40 Orc Burrow
03:46 Voodoo Lounge
03:58 Watch Tower
04:06 Watch Tower
04:42 Watch Tower
04:52 Watch Tower
05:06 Watch Tower
06:04 Watch Tower
06:22 Watch Tower
07:50 Spirit Lodge
08:41 Watch Tower
08:58 Fortress
10:32 Watch Tower
10:41 Spirit Lodge
10:46 Orc Burrow
13:21 Barracks
13:41 Orc Burrow
13:45 Beastiary
14:44 Watch Tower
16:15 Watch Tower
16:36 Beastiary
16:40 Orc Burrow
17:26 Watch Tower
18:42 Watch Tower
18:53 Watch Tower
19:14 Orc Burrow
19:39 Orc Burrow
23:56 Watch Tower
25:17 Watch Tower
25:21 Watch Tower
25:26 Watch Tower
26:01 Watch Tower
26:28 Watch Tower
27:07 Great Hall
27:32 Watch Tower
27:37 Watch Tower
27:51 Watch Tower
27:54 Watch Tower
28:45 Watch Tower
29:04 Watch Tower
29:27 Watch Tower
30:41 Watch Tower
32:08 Watch Tower
32:10 Watch Tower
33:17 Watch Tower
34:04 Watch Tower
35:00 Watch Tower
» items
| Potion of Healing | 2 | |
| Lesser Clarity Potion | 5 | |
| Scroll of Speed | 1 | |
| Healing Salve | 2 | |
| Scroll of Town Portal | 1 | |
| Orb of Lightning | 1 | |
12 total
Chat log
(06:33 / Allies) Light_Speed: air
(10:47 / All) LOSTNTHESHADOWS: I got a mask, it says "BADASS MOTHERFUCKER" on it
(11:36 / All) LOSTNTHESHADOWS: I could wipe out orange's whole army
(11:38 / All) LOSTNTHESHADOWS: If I wanted to
(11:43 / All) LOSTNTHESHADOWS: orange do you agree?
(11:45 / All) Reus11: lol
(11:55 / All) SILLY-GOOSE: wood
(11:57 / All) SILLY-GOOSE: wood
(12:59 / All) LOSTNTHESHADOWS: And claws? Shit motherfucker, it's the goddamn wolverine!
(13:53 / All) LOSTNTHESHADOWS: two claws... oh my
(14:07 / Allies) Light_Speed: lets hit
(16:10 / All) LOSTNTHESHADOWS: You shouldn't have done that, you shoulkdn't have hit me!
(16:34 / All) LOSTNTHESHADOWS: dinner bells!
(16:37 / All) LOSTNTHESHADOWS: bring me fresh meat!
(17:00 / All) SILLY-GOOSE: he said
(17:03 / All) SILLY-GOOSE: "u guys suck"
(18:58 / Allies) Light_Speed: lumber
(19:27 / Allies) bom.bom: pink
(20:03 / All) LOSTNTHESHADOWS: just got two tomes of exp from greens now level 7
(21:23 / All) PWNEROFCLANS4S: wow +35 mask of death bm
(21:59 / All) SILLY-GOOSE: this was a fun game
(23:10 / All) PWNEROFCLANS4S: raped
(23:18 / All) SILLY-GOOSE: i havent payed attention
(23:19 / All) LOSTNTHESHADOWS: lawl
(23:20 / All) SILLY-GOOSE: all game
(23:22 / All) SILLY-GOOSE: what happened lawl
(23:31 / All) LOSTNTHESHADOWS: I wanna rape red
(23:46 / All) SILLY-GOOSE: green was giving him trouble
(23:55 / All) LOSTNTHESHADOWS: time to play red!
(24:52 / All) SILLY-GOOSE: wtf
(24:54 / All) SILLY-GOOSE: look at that
(24:57 / All) SILLY-GOOSE: soloing an army
(25:10 / All) PWNEROFCLANS4S: 380 crit
(25:15 / All) LOSTNTHESHADOWS: what
(25:20 / All) LOSTNTHESHADOWS: you don't like me anymore?
(25:21 / All) SILLY-GOOSE: rod had a 420 crit before here
(25:23 / All) LOSTNTHESHADOWS: COME BACK AND PLAAAY
(25:41 / All) LOSTNTHESHADOWS: Time to squish the life outta him
(26:05 / All) LOSTNTHESHADOWS: gonna heal up then come back to rape friend
(26:38 / All) SILLY-GOOSE: ive been trolling this entire game
(27:07 / All) LOSTNTHESHADOWS: GOOD AND EVIL
(27:11 / All) LOSTNTHESHADOWS: THEYRE NECK AND NECK
(27:24 / All) LOSTNTHESHADOWS: THE BASES LOADED AND THERES 3 O NDECK
(27:32 / All) SILLY-GOOSE: come on red
(27:33 / All) SILLY-GOOSE: its one bm
(27:38 / All) SILLY-GOOSE: one hero vs 50 fodo army
(27:47 / All) PWNEROFCLANS4S: this noob can't deal with one blademaster
(27:51 / All) LOSTNTHESHADOWS: HAHA
(27:54 / All) LOSTNTHESHADOWS: what a nub!
(27:57 / All) SILLY-GOOSE: staying by towers are smart idea
(28:55 / All) LOSTNTHESHADOWS: oh yesh!
(29:01 / All) LOSTNTHESHADOWS: okay good point
(29:16 / All) LOSTNTHESHADOWS: actually
(29:18 / All) LOSTNTHESHADOWS: I like evasion
(29:38 / All) PWNEROFCLANS4S: I usually always sell my amulets of evasion
(30:14 / All) SILLY-GOOSE: rofl
(30:18 / All) SILLY-GOOSE: those towers help
(30:34 / All) LOSTNTHESHADOWS: SHEEEEEIT
(30:36 / All) SILLY-GOOSE: lawl
(30:59 / All) LOSTNTHESHADOWS: yeah +9 claws is probably better than evasion
(31:03 / All) LOSTNTHESHADOWS: or the pendant
(31:07 / All) SILLY-GOOSE: it is
(31:19 / All) PWNEROFCLANS4S: I wish I had someone to use my sweet FFA army and heroes on
(31:53 / All) LOSTNTHESHADOWS: lemme get them claws
(32:16 / All) LOSTNTHESHADOWS: AITE
(32:19 / All) LOSTNTHESHADOWS: TIME TO DIE MUTHAFUCKA
(32:49 / All) SILLY-GOOSE: 400
(32:50 / All) LOSTNTHESHADOWS: pussssssy
(32:51 / All) SILLY-GOOSE: didnt hit
(33:39 / All) SILLY-GOOSE: lawl
(33:40 / All) SILLY-GOOSE: that stomp
(33:41 / All) PWNEROFCLANS4S: 73 hp
(33:50 / All) LOSTNTHESHADOWS: lawl he has the perfect heroes
(33:52 / All) LOSTNTHESHADOWS: against this bm
(34:29 / All) LOSTNTHESHADOWS: didn't know about them
(34:42 / All) PWNEROFCLANS4S: ;lol
(34:48 / All) PWNEROFCLANS4S: they killed red's expo when he tried to take it earlier
(34:52 / All) PWNEROFCLANS4S: were you not even controlling them
(34:58 / All) SILLY-GOOSE: not me
(35:01 / All) LOSTNTHESHADOWS: nope lol
(35:07 / All) PWNEROFCLANS4S: lol
(35:27 / All) jayphive: gg
(35:33 / All) LOSTNTHESHADOWS: lawl
(35:44 / All) PWNEROFCLANS4S: MK bm duel?
(35:49 / All) PWNEROFCLANS4S: you'll rape it for sure
(35:50 / All) LOSTNTHESHADOWS: aite
(35:56 / All) SILLY-GOOSE: me too
(35:57 / All) PWNEROFCLANS4S: give me claw +9 back?
(36:01 / All) LOSTNTHESHADOWS: are we dueling by fountains or away
(36:03 / All) PWNEROFCLANS4S: so my mk is where it was
(36:05 / All) PWNEROFCLANS4S: away
(36:12 / All) PWNEROFCLANS4S: ty
(36:19 / All) LOSTNTHESHADOWS: no pots
(36:22 / All) PWNEROFCLANS4S: let's duel top mid shop
(36:34 / All) PWNEROFCLANS4S: gonna inner fire it so it has a little more of a chance
(36:41 / All) PWNEROFCLANS4S: I don't even have avatar
(36:44 / All) LOSTNTHESHADOWS: lawl
(36:56 / All) PWNEROFCLANS4S: ready
(38:04 / All) PWNEROFCLANS4S: wow
(38:07 / All) PWNEROFCLANS4S: that wasn't even close
(38:14 / All) SILLY-GOOSE: wtf
(38:17 / All) LOSTNTHESHADOWS: lol
(38:20 / All) PWNEROFCLANS4S: jesus
(38:20 / All) SILLY-GOOSE: u can easily take 5 heroes
(38:28 / All) SILLY-GOOSE: stay there
(38:30 / All) PWNEROFCLANS4S: Your team lose? 3 legit
(38:31 / All) SILLY-GOOSE: red heroes coming
(38:33 / All) PWNEROFCLANS4S: and orange left early
(38:36 / All) LOSTNTHESHADOWS: red's heroes can beat me
(38:44 / All) SILLY-GOOSE: no they cant
(38:49 / All) LOSTNTHESHADOWS: actually not without army and towers
(39:09 / All) LOSTNTHESHADOWS: I need manas
(39:18 / All) PWNEROFCLANS4S: why did you healing wave jake
(39:20 / All) PWNEROFCLANS4S: could've hexed there
(39:21 / All) SILLY-GOOSE: hexa stomp
(39:22 / All) PWNEROFCLANS4S: idiot
(39:49 / All) PWNEROFCLANS4S: the heroes were in range to hex
(39:53 / All) PWNEROFCLANS4S: and you used healing wave
(40:01 / All) LOSTNTHESHADOWS: lol
(40:02 / All) PWNEROFCLANS4S: when I had it ordered to hex
(40:12 / All) SILLY-GOOSE: i didnt know u were controlling lol
(41:29 / All) PWNEROFCLANS4S: christ
(41:44 / All) PWNEROFCLANS4S: who loses
(41:51 / All) LOSTNTHESHADOWS: stats
(41:53 / All) PWNEROFCLANS4S: I say bob's team
(41:59 / All) PWNEROFCLANS4S: Orange 33-42 no surprise there
(42:03 / All) PWNEROFCLANS4S: red 26-33
(42:09 / All) PWNEROFCLANS4S: we only have 2 legit both under 50%
(42:15 / All) LOSTNTHESHADOWS: green has decent record
(42:18 / All) PWNEROFCLANS4S: green 6-3
(42:22 / All) PWNEROFCLANS4S: green loses
(42:22 / All) LOSTNTHESHADOWS: surprising because he didn't even upgrade his buildings
(42:24 / All) PWNEROFCLANS4S: 3 legit and him
(42:35 / All) LOSTNTHESHADOWS: thanks for the heal brother
(42:42 / All) LOSTNTHESHADOWS: green lose